cohdb
Replays
Latest Replays
All Replays
Popular Replays
Top Player Replays
Match Explorer
How It Works
Community
CoH3 Stats
Reddit
Sign in to upload your games and track your stats! →
Sign in with Steam
Match 41391559
Unlisted
Match 41391559
Overview
Messages
Build Orders
End
Scout Squad
Construct Barracks
Riflemen Squad
Selects Airborne Battlegroup
Selects Heavy Machine Gun Paradrop
Riflemen Squad
Heavy Machine Gun Paradrop
Riflemen Squad
Mechanized Support Center
Construct Medical Station
Selects Recon Loiter
Selects Supply Drop
Construct Motor Pool
Recon Loiter
M24 Chaffee Light Tank
Grenade Package
Selects Paratrooper Squad Paradrop
Paratrooper Squad Paradrop
Designate Forward Repair Station
Paratrooper Squad Paradrop
Supply Drop
Construct Tank Depot
Selects Carpet Bombing Run
M18 Hellcat Tank Destroyer
Recon Loiter
Recon Loiter
Carpet Bombing Run
M4A1 Sherman Medium Tank
Supply Drop
M4A1 76mm Conversion
Recon Loiter
Selects Anti-tank Gun Team Paradrop
M4A1(76) Sherman Medium Tank
Carpet Bombing Run
Rapid Repairs
Supply Drop
Recon Loiter
Esxile
ZELOT
Kimchi milk
헤네시스택시기사
0
0
Comments
sign in to comment!
No comments posted yet!